[Event "ICC tourney 2069 (15 5)"]
[Site "Internet Chess Club"]
[Date "2020.10.18"]
[Round "1"]
[White "AdityaBang"]
[Black "njchess"]
[Result "1-0"]
[ICCResult "Black checkmated"]
[WhiteElo "1354"]
[BlackElo "848"]
[Opening "Two knights defense"]
[ECO "C55"]
[NIC "IG.01"]
[Time "12:05:49"]
[TimeControl "900+5"]

1. e4 e5 2. Nf3 Nc6 3. Bc4 Nf6 4. d4 Bb4+ 5. c3 Ba5 6. dxe5 Ng4 7. Bxf7+
Kxf7 8. Ng5+ Kg8 9. Qxg4 d6 10. Qf3 dxe5 11. Qf7# {Black checkmated} 1-0

[Event "ICC tourney 2069 (15 5)"]
[Site "Internet Chess Club"]
[Date "2020.10.18"]
[Round "1"]
[White "ARJUNCHESS05"]
[Black "Goran21"]
[Result "0-1"]
[ICCResult "White checkmated"]
[WhiteElo "1487"]
[BlackElo "2078"]
[Opening "Van't Kruijs opening"]
[ECO "A00"]
[Time "12:05:43"]
[TimeControl "900+5"]

1. e3 Nf6 2. Nf3 g6 3. b3 Bg7 4. Bb2 O-O 5. Ng5 d6 6. h3 e5 7. f4 exf4 8.
exf4 Re8+ 9. Be2 h6 10. Nf3 Nh5 11. O-O Bxb2 12. g4 Nxf4 13. Nc3 Bxa1 14.
Qxa1 Nxe2+ 15. Nxe2 Rxe2 16. Nd4 Rxd2 17. Nf3 Rxc2 18. Qb1 Re2 19. h4 Bxg4
20. b4 Bxf3 21. Rxf3 Qxh4 22. Kf1 Qh1+ 23. Kxe2 Qxb1 24. a4 Nc6 25. b5 Nd4+
26. Ke3 Nxf3 27. Kxf3 Re8 28. Kf4 Re4+ 29. Kf3 Qd3+ 30. Kf2 Re2+ 31. Kf1
Qd1# {White checkmated} 0-1

[Event "ICC tourney 2069 (15 5)"]
[Site "Internet Chess Club"]
[Date "2020.10.18"]
[Round "1"]
[White "shreyanshdaga"]
[Black "moneymo"]
[Result "0-1"]
[ICCResult "White checkmated"]
[WhiteElo "108"]
[BlackElo "1352"]
[Opening "Caro-Kann defense"]
[ECO "B10"]
[NIC "CK.01"]
[Time "12:06:04"]
[TimeControl "900+5"]

1. e4 c6 2. Nf3 b5 3. d4 Na6 4. Nc3 Nc7 5. Bd3 b4 6. Ne2 d6 7. O-O Bg4 8. a3
Bxf3 9. gxf3 a5 10. axb4 axb4 11. Rxa8 Nxa8 12. Nf4 e5 13. dxe5 dxe5 14. Ng2
g5 15. Bd2 Qf6 16. Re1 Nc7 17. b3 h5 18. Qc1 Be7 19. Bc4 h4 20. h3 Ne6 21.
Rd1 Nf4 22. Qa1 Kf8 23. Qa5 c5 24. Be3 Nxh3+ 25. Kf1 Qxf3 26. Re1 Nf4 27.
Bxc5 Qxg2# {White checkmated} 0-1

[Event "ICC tourney 2069 (15 5)"]
[Site "Internet Chess Club"]
[Date "2020.10.18"]
[Round "1"]
[White "guineapig25"]
[Black "Jwagner354"]
[Result "1-0"]
[ICCResult "Black resigns"]
[WhiteElo "2020"]
[BlackElo "1467"]
[Opening "Ruy Lopez: Berlin defense"]
[ECO "C65"]
[NIC "RL.07"]
[Time "12:06:14"]
[TimeControl "900+5"]

1. e4 e5 2. Nf3 Nc6 3. Bb5 Nf6 4. d3 Bc5 5. c3 a6 6. Ba4 b5 7. Bc2 d5 8.
exd5 Nxd5 9. O-O O-O 10. Nbd2 Qf6 11. Ne4 Qg6 12. Nxc5 Bf5 13. Nh4 Qf6 14.
Nxf5 Qxf5 15. d4 e4 16. Bxe4 Qf6 17. Bxd5 Ne7 18. Bxa8 Nd5 19. Bxd5
{Black resigns}
1-0

[Event "ICC tourney 2069 (15 5)"]
[Site "Internet Chess Club"]
[Date "2020.10.18"]
[Round "1"]
[White "caratclownery"]
[Black "SatvikSharma"]
[Result "1-0"]
[ICCResult "Black checkmated"]
[WhiteElo "1881"]
[BlackElo "1420"]
[Opening "King's pawn game"]
[ECO "C50"]
[NIC "IG.03"]
[Time "12:05:53"]
[TimeControl "900+5"]

1. e4 e5 2. Nf3 Nc6 3. Bc4 h6 4. O-O Nf6 5. Nc3 d6 6. h3 a6 7. d4 exd4 8.
Nxd4 Bd7 9. Be3 Nxd4 10. Bxd4 b5 11. Bd3 c6 12. e5 dxe5 13. Bxe5 Nd5 14.
Nxd5 cxd5 15. Re1 Be6 16. Qh5 g6 17. Bxg6 Qe7 18. Bxh8 fxg6 19. Qxg6+ Kd7
20. Rad1 Kd6 21. Be5+ Kc6 22. Bc3 Kd6 23. Bb4+ Kd7 24. Bxe7 Kxe7 25. Qxe6+
Kd8 26. Rxd5+ Kc7 27. Qd7+ Kb6 28. Re6+ Ka5 29. a3 Rb8 30. Qc7+ Ka4 31.
Rxa6# {Black checkmated} 1-0

[Event "ICC tourney 2069 (15 5)"]
[Site "Internet Chess Club"]
[Date "2020.10.18"]
[Round "1"]
[White "premierchess"]
[Black "AlphaTomato"]
[Result "1-0"]
[ICCResult "Black resigns"]
[WhiteElo "2177"]
[BlackElo "1507"]
[Opening "Caro-Kann: 3.Nd2"]
[ECO "B12"]
[NIC "CK.02"]
[Time "12:06:24"]
[TimeControl "900+5"]

1. e4 c6 2. d4 d5 3. Nd2 Nf6 4. e5 Nfd7 5. f4 e6 6. c3 Be7 7. Bd3 b6 8. Qe2
c5 9. Ngf3 c4 10. Bc2 b5 11. f5 Nc6 12. O-O O-O 13. fxe6 fxe6 14. Rf2 a5 15.
Nf1 b4 16. Ng3 Bh4 17. Nxh4 Qxh4 18. Be3 Bb7 19. Raf1 Rxf2 20. Bxf2 Rf8 21.
Ne4 Qh6 22. Nd6 Ba6 23. Ba4 Ncb8 24. Be3 Rxf1+ 25. Kxf1 Qxh2 26. Qf3 Nb6 27.
Qf7+ {Black resigns} 1-0

[Event "ICC tourney 2069 (15 5)"]
[Site "Internet Chess Club"]
[Date "2020.10.18"]
[Round "1"]
[White "pranavchalla"]
[Black "rjc64uk"]
[Result "0-1"]
[ICCResult "White resigns"]
[WhiteElo "1487"]
[BlackElo "2078"]
[Opening "Sicilian: Nimzovich-Rubinstein variation"]
[ECO "B29"]
[NIC "SI.43"]
[Time "12:05:45"]
[TimeControl "900+5"]

1. e4 c5 2. Nf3 Nf6 3. Nc3 d5 4. exd5 Nxd5 5. Bc4 Nb6 6. b3 Nxc4 7. O-O Nb6
8. d3 Nc6 9. Be3 e6 10. Qe1 Be7 11. Nb5 a6 12. Nc3 O-O 13. Bf4 Nd5 14. Be5
Nxe5 15. Qxe5 Bf6 16. Qe1 Bxc3 17. Qc1 Bxa1 18. Qxa1 Qf6 19. Qxf6 Nxf6 20.
Ne5 b5 21. f3 Bb7 22. Ng4 Nxg4 23. fxg4 f5 24. gxf5 exf5 25. Rf4 Rae8 26. h3
Re2 27. Kf1 Rxc2 28. Ke1 Rxg2 29. Kd1 g5 30. Rf3 Bxf3+ {White resigns} 0-1

[Event "ICC tourney 2069 (15 5)"]
[Site "Internet Chess Club"]
[Date "2020.10.18"]
[Round "1"]
[White "IAlwaysWin"]
[Black "ANJANIPODICC"]
[Result "1-0"]
[ICCResult "Black resigns"]
[WhiteElo "1947"]
[BlackElo "1443"]
[Opening "Nimzovich-Larsen attack: modern variation"]
[ECO "A01"]
[NIC "VO.08"]
[Time "12:06:31"]
[TimeControl "900+5"]

1. b3 e5 2. Bb2 d6 3. g3 Nf6 4. Bg2 Nh5 5. e3 Bg4 6. Qxg4 g6 7. Qe2 f5 8.
Bxb7 f4 9. Bxa8 fxg3 10. hxg3 Nc6 11. Bxc6+ Ke7 12. Nc3 Qb8 13. Qg4 Bg7 14.
Nd5+ Kf8 15. Qf3+ Bf6 16. Nxf6 {Black resigns} 1-0

[Event "ICC tourney 2069 (15 5)"]
[Site "Internet Chess Club"]
[Date "2020.10.18"]
[Round "1"]
[White "sasha-zlodorev"]
[Black "skyler-kelly"]
[Result "0-1"]
[ICCResult "White checkmated"]
[WhiteElo "1288"]
[BlackElo "1434"]
[Opening "Bird's opening"]
[ECO "A03"]
[NIC "VO.07"]
[Time "12:06:06"]
[TimeControl "900+5"]

1. f4 d5 2. Nf3 c5 3. g3 Nc6 4. Bg2 g6 5. O-O Nf6 6. Nc3 Bg7 7. d3 O-O 8. e4
dxe4 9. dxe4 Nd4 10. Be3 Ng4 11. Bxd4 cxd4 12. Ne2 Ne3 13. Qd2 Nxf1 14. Rxf1
Bg4 15. Rd1 Qb6 16. Kh1 Qxb2 17. Nexd4 Rac8 18. h3 Bxf3 19. Bxf3 Bxd4 20.
Qxd4 Qxa2 21. c3 Qa5 22. e5 Rfd8 23. Qe4 Rxd1+ 24. Bxd1 Qxc3 25. Qxb7 Rc7
26. Qb8+ Kg7 27. Qb3 Qe1+ 28. Kg2 Rd7 29. Bc2 Rd2+ 30. Kf3 Qe2#
{White checkmated}
0-1

[Event "ICC tourney 2069 (15 5)"]
[Site "Internet Chess Club"]
[Date "2020.10.18"]
[Round "1"]
[White "chessrex"]
[Black "Ojas2020"]
[Result "1-0"]
[ICCResult "Black checkmated"]
[WhiteElo "2006"]
[BlackElo "1463"]
[Opening "Caro-Kann defense"]
[ECO "B15"]
[NIC "CK.05"]
[Time "12:05:49"]
[TimeControl "900+5"]

1. d4 d5 2. e4 c6 3. Nc3 Nf6 4. a3 Bd7 5. e5 Ng8 6. f4 e6 7. Nf3 Be7 8. Bd3
f6 9. O-O fxe5 10. fxe5 c5 11. dxc5 Bxc5+ 12. Kh1 Nc6 13. Bf4 Nge7 14. Ng5
h6 15. Qh5+ g6 16. Bxg6+ Kf8 17. Nf7 Qb6 18. Na4 Qa5 19. Nxc5 Qxc5 20. Nxh8
Kg7 21. Qxh6+ Kg8 22. Qh7+ Kf8 23. Bh6# {Black checkmated} 1-0

[Event "ICC tourney 2069 (15 5)"]
[Site "Internet Chess Club"]
[Date "2020.10.18"]
[Round "1"]
[White "sayhi2tejas"]
[Black "Deng16"]
[Result "0-1"]
[ICCResult "White checkmated"]
[WhiteElo "1256"]
[BlackElo "1322"]
[Opening "Giuoco Pianissimo: Italian four knights variation"]
[ECO "C47"]
[NIC "KP.06"]
[Time "12:05:58"]
[TimeControl "900+5"]

1. e4 e5 2. Nc3 Nc6 3. Nf3 Nf6 4. Bc4 Bc5 5. d3 h6 6. Qe2 d6 7. Bd2 a6 8.
Be3 Ba7 9. Kf1 O-O 10. Bxa7 Rxa7 11. Nd5 b5 12. Nxf6+ Qxf6 13. Bd5 Ne7 14.
Bb3 Ng6 15. Qe3 Ra8 16. Bd5 Rb8 17. b3 Nf4 18. c4 Qg6 19. g3 Bh3+ 20. Ke1
Ng2+ 21. Kd2 Nxe3 22. fxe3 Qf6 23. Nh4 Qf2+ 24. Kc3 b4# {White checkmated}
0-1

[Event "ICC tourney 2069 (15 5)"]
[Site "Internet Chess Club"]
[Date "2020.10.18"]
[Round "1"]
[White "aryarsh1"]
[Black "PADMINIPODICC"]
[Result "1-0"]
[ICCResult "Black resigns"]
[WhiteElo "1477"]
[BlackElo "1311"]
[Opening "Philidor's defense"]
[ECO "C41"]
[NIC "KP.10"]
[Time "12:05:38"]
[TimeControl "900+5"]

1. e4 e5 2. Nf3 d6 3. Bc4 b5 4. Bxb5+ c6 5. Bc4 Nf6 6. Nc3 Nbd7 7. d3 Be7 8.
O-O a6 9. Be3 Ng4 10. h3 Ngf6 11. Na4 Nh5 12. Bb6 Nxb6 13. Nxb6 Qxb6 14. Rb1
Bg4 15. hxg4 Nf6 16. Nh4 Ng8 17. Nf5 d5 18. exd5 cxd5 19. Bxd5 Bg5 20. Nxg7+
Kf8 21. Bxa8 Qg6 22. Nf5 Bf4 23. Qf3 Qg5 24. Qc6 Ne7 25. Nxe7 Kxe7 26. Bb7
Qh4 27. g3 Qh3 28. gxf4 h5 29. Qg2 Qh4 30. g5 f6 31. gxf6+ Kxf6 32. fxe5+
Kxe5 33. Rbe1+ Kd4 34. Re4+ Kc5 35. Rc4+ Kd6 36. Rxh4 Rf8 {Black resigns}
1-0

[Event "ICC tourney 2069 (15 5)"]
[Site "Internet Chess Club"]
[Date "2020.10.18"]
[Round "1"]
[White "Amiral"]
[Black "challenger2010"]
[Result "0-1"]
[ICCResult "White resigns"]
[WhiteElo "1508"]
[BlackElo "2142"]
[Opening "Réti opening"]
[ECO "A05"]
[NIC "QP.11"]
[Time "12:06:00"]
[TimeControl "900+5"]

1. Nf3 Nf6 2. g3 b6 3. Bg2 Bb7 4. O-O e6 5. d3 d5 6. Nbd2 Be7 7. Re1 O-O 8.
e4 dxe4 9. dxe4 Nxe4 10. Nxe4 Qxd1 11. Rxd1 Bxe4 12. c3 c5 13. Bf4 Nc6 14.
Rd7 Rfd8 15. Rad1 Kf8 16. Ng5 Bxg2 17. Kxg2 Ke8 18. Rxd8+ Rxd8 19. Rd6 Bxd6
20. Bxd6 Rxd6 21. Nf3 e5 {White resigns} 0-1

[Event "ICC tourney 2069 (15 5)"]
[Site "Internet Chess Club"]
[Date "2020.10.18"]
[Round "1"]
[White "Ritvik08"]
[Black "Roger436"]
[Result "0-1"]
[ICCResult "White resigns"]
[WhiteElo "1048"]
[BlackElo "1711"]
[Opening "Sicilian: Nimzovich-Rossolimo attack (with ...g6, without ...d6)"]
[ECO "B31"]
[NIC "SI.31"]
[Time "12:05:59"]
[TimeControl "900+5"]

1. e4 c5 2. Nf3 Nc6 3. Bb5 g6 4. Bxc6 dxc6 5. d3 Bg7 6. c3 Nf6 7. Bg5 O-O 8.
O-O Qc7 9. h3 Rd8 10. Qc2 Be6 11. e5 Nd5 12. Re1 h6 13. Bh4 Nf4 14. Rd1 Bf5
15. Ne1 Bxe5 16. g4 {White resigns} 0-1

[Event "ICC tourney 2069 (15 5)"]
[Site "Internet Chess Club"]
[Date "2020.10.18"]
[Round "1"]
[White "gitn22"]
[Black "dcole"]
[Result "0-1"]
[ICCResult "White resigns"]
[WhiteElo "1311"]
[BlackElo "1477"]
[Opening "Sicilian defense"]
[ECO "B20"]
[NIC "SI.48"]
[Time "12:06:08"]
[TimeControl "900+5"]

1. e4 c5 2. c4 Nc6 3. Nc3 Nf6 4. Bd3 d6 5. b3 g6 6. Nf3 Bg7 7. Bb2 O-O 8.
Be2 Nxe4 9. Rb1 Bf5 10. Nxe4 Bxe4 11. Bxg7 Kxg7 12. O-O Bxb1 13. Qxb1 Qa5
14. Qb2+ Kg8 15. d4 cxd4 16. Nxd4 Qe5 17. Rd1 Nxd4 18. Rxd4 Rac8 19. Qd2 a6
20. Bf3 Rc7 21. g3 Rfc8 22. h4 b5 23. cxb5 axb5 24. Rd5 Qa1+ 25. Kg2 Rc5 26.
Qf4 Qxa2 27. Rxc5 Rxc5 28. Qe3 Re5 29. Qd3 Qa5 30. Qc2 b4 31. Qc5 Rxc5
{White resigns}
0-1

[Event "ICC tourney 2069 (15 5)"]
[Site "Internet Chess Club"]
[Date "2020.10.18"]
[Round "1"]
[White "BreatheChessAls"]
[Black "RM26"]
[Result "1-0"]
[ICCResult "Black checkmated"]
[WhiteElo "1930"]
[BlackElo "1437"]
[Opening "Queen's pawn, Mason variation"]
[ECO "D00"]
[NIC "QP.08"]
[Time "12:05:54"]
[TimeControl "900+5"]

1. d4 d5 2. Bf4 Nc6 3. e3 Bf5 4. c3 g6 5. Nd2 Bg7 6. Ngf3 Nf6 7. Be2 O-O 8.
h3 Ne4 9. Nxe4 dxe4 10. Nd2 f6 11. d5 Na5 12. b4 Qxd5 13. bxa5 Qxa5 14. Qb3+
Kh8 15. O-O Rad8 16. Nc4 Qc5 17. Qb4 Qxb4 18. cxb4 Be6 19. Rac1 Bxc4 20.
Bxc4 Rd2 21. Rfd1 Rfd8 22. Rxd2 Rxd2 23. Bxc7 f5 24. Bb3 Bb2 25. Rb1 Ba3 26.
Be5# {Black checkmated} 1-0

[Event "ICC tourney 2069 (15 5)"]
[Site "Internet Chess Club"]
[Date "2020.10.18"]
[Round "1"]
[White "agangal1"]
[Black "f5"]
[Result "0-1"]
[ICCResult "White checkmated"]
[WhiteElo "1508"]
[BlackElo "2143"]
[Opening "Sicilian defense"]
[ECO "B30"]
[NIC "SI.31"]
[Time "12:05:41"]
[TimeControl "900+5"]

1. e4 c5 2. Nf3 Nc6 3. Nc3 g6 4. d3 Bg7 5. Bf4 d6 6. Be2 e6 7. O-O Nge7 8.
Bd2 Rb8 9. Qc1 O-O 10. Bh6 b5 11. a3 a5 12. Na2 b4 13. a4 e5 14. Bxg7 Kxg7
15. Qg5 f6 16. Qh4 Qe8 17. Nc1 h6 18. Qg3 f5 19. Nh4 f4 20. Qf3 Nd4 21. Nf5+
Bxf5 22. exf5 Nxf3+ 23. Bxf3 Nxf5 24. Bg4 h5 25. Bxf5 gxf5 26. Re1 Kf6 27.
Ne2 Qg6 28. g3 h4 29. Kg2 hxg3 30. fxg3 Rh8 31. h4 Rxh4 32. Rh1 Rbh8 33. Kf2
Rxh1 34. Rxh1 Rxh1 35. gxf4 Rh2+ 36. Ke1 Qg2 37. fxe5+ dxe5 38. Kd2 Qxe2+
39. Kc1 Qxc2# {White checkmated} 0-1

[Event "ICC tourney 2069 (15 5)"]
[Site "Internet Chess Club"]
[Date "2020.10.18"]
[Round "1"]
[White "Legolas08"]
[Black "tinydarkmusic"]
[Result "1-0"]
[ICCResult "Black checkmated"]
[WhiteElo "1684"]
[BlackElo "1361"]
[Opening "QGA: 3.Nf3"]
[ECO "D21"]
[NIC "QG.05"]
[Time "12:05:45"]
[TimeControl "900+5"]

1. d4 d5 2. c4 dxc4 3. Nf3 Nc6 4. e4 Nf6 5. e5 Ne4 6. Bxc4 Bf5 7. Bb5 e6 8.
a3 a6 9. Bxc6+ bxc6 10. O-O Be7 11. Ne1 Bh4 12. g3 Be7 13. f3 Bh3 14. fxe4
Bxf1 15. Kxf1 O-O 16. Kg2 g6 17. Bh6 Re8 18. Nc3 Qb8 19. Nd3 a5 20. Qf3 Rd8
21. Rf1 Rxd4 22. Qxf7+ Kh8 23. Bg7# {Black checkmated} 1-0

[Event "ICC tourney 2069 (15 5)"]
[Site "Internet Chess Club"]
[Date "2020.10.18"]
[Round "1"]
[White "hi321"]
[Black "GGuseinov"]
[Result "0-1"]
[ICCResult "White resigns"]
[WhiteElo "1423"]
[BlackElo "2717"]
[Opening "Sicilian: Hungarian variation"]
[ECO "B27"]
[NIC "SI.43"]
[Time "12:05:51"]
[TimeControl "900+5"]

1. e4 c5 2. Nf3 g6 3. Nc3 Bg7 4. Bc4 Nc6 5. d3 d6 6. h3 e6 7. Bg5 Nge7 8.
Bb3 h6 9. Bh4 a6 10. Bg3 b5 11. a3 d5 12. a4 b4 13. Ne2 Bxb2 14. Rb1 Bg7 15.
O-O O-O 16. exd5 exd5 17. Re1 a5 18. Qd2 Ba6 19. Ba2 c4 20. d4 Nf5 21. Be5
Nxe5 22. dxe5 Qd7 23. Ned4 Nxd4 24. Qxd4 Qxa4 25. Ra1 Qxc2 26. Qxd5 b3 27.
Bb1 Qc3 28. Bxg6 b2 29. Rab1 Rae8 30. Re2 Qc1+ 31. Re1 Qc3 32. Re3 Qb4 33.
Bh5 c3 34. Qd1 a4 35. Qc2 a3 36. Rxc3 a2 {White resigns} 0-1

[Event "ICC tourney 2069 (15 5)"]
[Site "Internet Chess Club"]
[Date "2020.10.18"]
[Round "1"]
[White "TjkTiger"]
[Black "smanek75"]
[Result "1-0"]
[ICCResult "Black checkmated"]
[WhiteElo "2601"]
[BlackElo "1661"]
[Opening "English opening"]
[ECO "A21"]
[NIC "EO.23"]
[Time "12:06:10"]
[TimeControl "900+5"]

1. c4 e5 2. Nc3 a6 3. Nf3 d6 4. d4 exd4 5. Nxd4 Nf6 6. e4 Be7 7. Be2 h6 8.
O-O O-O 9. Be3 c5 10. Nc2 Nc6 11. f3 Be6 12. Qd2 Nh7 13. Rad1 b6 14. f4 f5
15. exf5 Bxf5 16. Bf3 Qc7 17. Nd5 Qd8 18. Nxe7+ Nxe7 19. Bxa8 Qxa8 20. Bf2
Ng6 21. Bg3 h5 22. h3 Qe4 23. Ne3 Bc8 24. Qd5+ Qxd5 25. Nxd5 h4 26. Bh2 b5
27. cxb5 axb5 28. f5 Ne5 29. Ne7+ Kf7 30. Bxe5 dxe5 31. Nxc8 Rxc8 32. Rd7+
Kf6 33. Rd6+ Kf7 34. Re6 c4 35. Rxe5 b4 36. Rb5 c3 37. Rxb4 c2 38. Rc1 Nf6
39. Rd4 Nh5 40. Rd2 Ng3 41. Rdxc2 Re8 42. Kh2 Nxf5 43. b4 Rb8 44. Rb2 Ne3
45. b5 Nd5 46. a4 Ke6 47. a5 Kd6 48. b6 Rb7 49. Rd2 Ke6 50. Rc6+ Ke5 51. Rc5
Ke6 52. Rcxd5 g6 53. Rd6+ Kf5 54. a6 Rb8 55. a7 Ra8 56. Rd8 Rxd8 57. Rxd8 g5
58. a8=Q g4 59. Qd5+ Kf4 60. Qd4+ Kg5 61. Rg8+ Kh6 62. Qh8# {Black
checkmated} 1-0

[Event "ICC tourney 2069 (15 5)"]
[Site "Internet Chess Club"]
[Date "2020.10.18"]
[Round "1"]
[White "agastyap"]
[Black "Hydra88"]
[Result "0-1"]
[ICCResult "White checkmated"]
[WhiteElo "1269"]
[BlackElo "1481"]
[Opening "French: exchange variation"]
[ECO "C01"]
[NIC "FR.01"]
[Time "12:05:44"]
[TimeControl "900+5"]

1. e4 e6 2. d4 d5 3. exd5 exd5 4. Nf3 Bd6 5. Be2 Ne7 6. Nc3 O-O 7. O-O c6 8.
Bd3 Bf5 9. Bxf5 Nxf5 10. Re1 Nd7 11. Be3 Re8 12. Qd3 Nxe3 13. Rxe3 Rxe3 14.
Qxe3 Qf6 15. Re1 h6 16. Kh1 Nb6 17. Ne5 Re8 18. f4 Nc4 19. Qe2 Qxf4 20. g3
Qg5 21. Na4 Nxe5 22. dxe5 Qxe5 23. Qxe5 Rxe5 24. Rxe5 Bxe5 25. Nc5 b6 26.
Na4 c5 27. Kg2 d4 28. Kf2 Kf8 29. Kf3 Ke7 30. Ke4 Ke6 31. b3 f5+ 32. Kf3 g5
33. Nb2 g4+ 34. Kf2 f4 35. gxf4 Bxf4 36. Kg2 Kd5 37. Kf2 Bxh2 38. Kg2 Bf4
39. Kf2 h5 40. Kg2 h4 41. Nd1 h3+ 42. Kg1 g3 43. c4+ dxc3 44. Nxc3+ Ke5 45.
Nb5 Be3+ 46. Kh1 g2+ 47. Kh2 g1=Q+ 48. Kxh3 Bf2 49. Nd6 Qg3# {White
checkmated} 0-1

[Event "ICC tourney 2069 (15 5)"]
[Site "Internet Chess Club"]
[Date "2020.10.18"]
[Round "1"]
[White "Deng18"]
[Black "shreyuppal"]
[Result "1-0"]
[ICCResult "Black checkmated"]
[WhiteElo "1537"]
[BlackElo "1318"]
[Opening "Four knights: Ranken variation"]
[ECO "C48"]
[NIC "KP.03"]
[Time "12:06:06"]
[TimeControl "900+5"]

1. e4 e5 2. Nf3 Nc6 3. Nc3 Nf6 4. Bb5 a6 5. Bxc6 dxc6 6. d3 Bc5 7. O-O O-O
8. Nxe5 Bd6 9. Nf3 Be6 10. e5 Bc5 11. exf6 Qxf6 12. Ne4 Qe7 13. Nxc5 Qxc5
14. Be3 Qb5 15. b3 c5 16. c4 Qb4 17. d4 Rad8 18. Qc2 cxd4 19. Nxd4 c5 20.
Nxe6 fxe6 21. Rad1 Rc8 22. Qe4 b5 23. Qxe6+ Kh8 24. cxb5 axb5 25. Rc1 Rfe8
26. Qd5 Red8 27. Qf5 Rf8 28. Qc2 Rf7 29. Rfd1 Rfc7 30. Bxc5 Rxc5 31. Qxc5
Rxc5 32. Rd8# {Black checkmated} 1-0

[Event "ICC tourney 2069 (15 5)"]
[Site "Internet Chess Club"]
[Date "2020.10.18"]
[Round "1"]
[White "Jets"]
[Black "Joselin2k16"]
[Result "1-0"]
[ICCResult "Black checkmated"]
[WhiteElo "1477"]
[BlackElo "1311"]
[Opening "English opening"]
[ECO "A13"]
[NIC "EO.64"]
[Time "12:05:53"]
[TimeControl "900+5"]

1. c4 e6 2. g3 Ne7 3. Bg2 g6 4. Nc3 Bg7 5. Nf3 O-O 6. O-O d5 7. cxd5 exd5 8.
d3 b6 9. Bf4 Bb7 10. Re1 Nbc6 11. Qd2 Nd4 12. Rac1 Nxf3+ 13. Bxf3 c5 14. Bh6
Nf5 15. Bxg7 Nxg7 16. d4 c4 17. a4 a5 18. Bg2 Re8 19. e4 Qd7 20. exd5 Rxe1+
21. Rxe1 Nf5 22. Ne4 Rc8 23. Nf6+ Kg7 24. Nxd7 Nd6 25. Nxb6 c3 26. bxc3 Rc7
27. Qf4 Rxc3 28. Qxd6 Rd3 29. Qe5+ Kh6 30. h4 f5 31. Qf6 Ba6 32. Qg5+ Kg7
33. Re7+ Kf8 34. Qf6+ Kg8 35. Qg7# {Black checkmated} 1-0

[Event "ICC tourney 2069 (15 5)"]
[Site "Internet Chess Club"]
[Date "2020.10.18"]
[Round "1"]
[White "SenileOyster"]
[Black "lucasnc"]
[Result "1-0"]
[ICCResult "Black checkmated"]
[WhiteElo "1477"]
[BlackElo "1311"]
[Opening "Queen's pawn game, Chigorin variation"]
[ECO "D02"]
[NIC "QP.08"]
[Time "12:05:40"]
[TimeControl "900+5"]

1. d4 d5 2. Nf3 Nc6 3. e3 Bf5 4. Bb5 Nf6 5. Ne5 Bd7 6. Nxd7 Qxd7 7. Nd2
O-O-O 8. Nf3 a6 9. Ne5 Qd6 10. Bxc6 bxc6 11. Nxf7 Qb4+ 12. c3 Qb5 13. Nxh8
c5 14. Nf7 cxd4 15. cxd4 Qb4+ 16. Bd2 Qxb2 17. O-O Rd7 18. Ne5 Rd6 19. a3
Ne4 20. Bb4 Re6 21. Qa4 Kb7 22. Rab1 Qa2 23. Bd6+ Kc8 24. Qd7#
{Black checkmated}
1-0

[Event "ICC tourney 2069 (15 5)"]
[Site "Internet Chess Club"]
[Date "2020.10.18"]
[Round "1"]
[White "mgelgi"]
[Black "carokantor"]
[Result "0-1"]
[ICCResult "White checkmated"]
[WhiteElo "1356"]
[BlackElo "1686"]
[Opening "Caro-Kann: two knights variation"]
[ECO "B10"]
[NIC "CK.01"]
[Time "12:06:18"]
[TimeControl "900+5"]

1. e4 c6 2. Nf3 d5 3. Nc3 Nf6 4. exd5 Nxd5 5. d4 Bg4 6. h3 Bh5 7. g4 Bg6 8.
Bd3 Nxc3 9. bxc3 e6 10. Bxg6 hxg6 11. Bg5 Be7 12. Be3 Qa5 13. Qd2 Qd5 14.
Qe2 Nd7 15. c4 Qa5+ 16. Bd2 Qc7 17. Ne5 Bf6 18. Nf3 O-O-O 19. O-O Rxh3 20.
Be3 Rdh8 21. Rfd1 Rh1+ 22. Kg2 R8h2+ 23. Nxh2 Qxh2+ 24. Kf3 Qh3+ 25. Kf4
Rxd1 26. Rxd1 e5+ 27. dxe5 Qh2+ 28. Kf3 Nxe5+ 29. Ke4 Qg2+ 30. Kd4 Nxg4+ 31.
Kd3 Ne5+ 32. Kd2 Qe4 33. Bxa7 Nxc4+ 34. Ke1 Bc3+ 35. Kf1 Qh1# {White
checkmated} 0-1

[Event "ICC tourney 2069 (15 5)"]
[Site "Internet Chess Club"]
[Date "2020.10.18"]
[Round "1"]
[White "arjun052412"]
[Black "jjplaman"]
[Result "1-0"]
[ICCResult "Black checkmated"]
[WhiteElo "1065"]
[BlackElo "1413"]
[Opening "King's Indian: London system"]
[ECO "A48"]
[NIC "QP.03"]
[Time "12:05:45"]
[TimeControl "900+5"]

1. d4 Nf6 2. Nf3 g6 3. Bf4 Bg7 4. e3 O-O 5. Be2 d6 6. O-O Bf5 7. c4 Nbd7 8.
Nc3 Nh5 9. Bg3 Nxg3 10. hxg3 e5 11. dxe5 Nxe5 12. Rc1 Qe7 13. Nxe5 Bxe5 14.
Bf3 Rab8 15. Be4 Bxe4 16. Nxe4 Bxb2 17. Rc2 Be5 18. c5 f5 19. cxd6 Bxd6 20.
Nxd6 Qxd6 21. Qc1 c6 22. Rd1 Qe6 23. Rcd2 Rfe8 24. Qc2 Kf8 25. Rd6 Qe7 26.
Rd7 Qf6 27. Rc7 Rec8 28. Rdd7 Rxc7 29. Rxc7 Qd8 30. Rxh7 Qd6 31. Qc3 Ke8 32.
Qh8+ Qf8 33. Qe5+ Kd8 34. Qd5+ Kc8 35. Qd7# {Black checkmated} 1-0

[Event "ICC tourney 2069 (15 5)"]
[Site "Internet Chess Club"]
[Date "2020.10.18"]
[Round "1"]
[White "StevenRojasS"]
[Black "wildrumpus"]
[Result "1-0"]
[ICCResult "Black resigns"]
[WhiteElo "1559"]
[BlackElo "1493"]
[Opening "English opening"]
[ECO "A10"]
[NIC "EO.63"]
[Time "12:06:04"]
[TimeControl "900+5"]

1. c4 b6 2. Nc3 Bb7 3. e4 e5 4. Nf3 Nc6 5. d4 exd4 6. Nxd4 Bb4 7. Nf5 Bxc3+
8. bxc3 Qf6 9. Be2 O-O-O 10. O-O Nh6 11. Ne3 Ne5 12. f4 Ng6 13. e5 Qh4 14.
g3 Qh3 15. Bf3 Nf5 16. Nd5 Nxg3 17. Bg2 Qe6 18. hxg3 h5 19. f5 Qc6 20. fxg6
Qxc4 21. Qd4 Qe2 22. gxf7 h4 23. gxh4 Rdf8 24. Bg5 Qh5 25. Ne7+ Kb8 26. Bxb7
Kxb7 27. Qxd7 Qg4+ 28. Qxg4 {Black resigns} 1-0

[Event "ICC tourney 2069 (15 5)"]
[Site "Internet Chess Club"]
[Date "2020.10.18"]
[Round "1"]
[White "musk6868"]
[Black "ashvathk5"]
[Result "1-0"]
[ICCResult "Black checkmated"]
[WhiteElo "2063"]
[BlackElo "1482"]
[Opening "Ruy Lopez: classical defense, 4.c3"]
[ECO "C64"]
[NIC "RL.01"]
[Time "12:06:14"]
[TimeControl "900+5"]

1. e4 e5 2. Nf3 Nc6 3. Bb5 Bc5 4. c3 Nf6 5. O-O O-O 6. d4 exd4 7. cxd4 Bb4
8. e5 Nd5 9. Bg5 f6 10. exf6 Nxf6 11. Bxc6 dxc6 12. Qb3+ Kh8 13. Qxb4 Bg4
14. Nbd2 b6 15. h3 Bh5 16. Rfe1 h6 17. Bh4 a5 18. Qe7 Qxe7 19. Rxe7 Rac8 20.
Bxf6 Rxf6 21. Rae1 Rd6 22. g4 Bg6 23. Nc4 Rd5 24. Nce5 Rd6 25. Nxg6+ Rxg6
26. R1e6 Rxe6 27. Rxe6 c5 28. dxc5 bxc5 29. Rc6 Rd8 30. Rxc5 Rd1+ 31. Kg2 a4
32. Rxc7 Ra1 33. a3 Ra2 34. Rb7 g5 35. Ne1 Kg8 36. Nc2 Kf8 37. Kf1 Ke8 38.
Ke1 Kd8 39. Kd1 Kc8 40. Rb4 Kc7 41. Kc1 Kc6 42. Kb1 Kc5 43. Kxa2 Kd5 44.
Rxa4 Ke5 45. Rd4 Ke6 46. b4 Ke5 47. b5 Ke6 48. b6 Ke5 49. b7 Kf6 50. b8=Q
Ke6 51. Qe8+ Kf6 52. Rd6+ Kg7 53. Rg6+ Kh7 54. Qg8# {Black checkmated} 1-0